 Dungeon Crawl Stone Soup version 0.27.0-1-g7a089689b8 (webtiles) character file.

Game seed: 6592289922773818223

0 GordonOverkill the Grave Robber (level 1, -1/7 HPs)
             Began as a Felid Necromancer on Aug 3, 2021.
             Slain by a jackal (2 damage)
             ... on level 1 of the Dungeon.
             The game lasted 00:00:30 (147 turns).

GordonOverkill the Grave Robber (Felid Necromancer)  Turns: 147, Time: 00:00:30

Health: -1/7       AC:  1    Str:  4    XL:     1   Next: 8%
Magic:  0/4        EV: 17    Int: 16    God:
Gold:   30         SH:  0    Dex: 16    Spells: 3/4 levels left
                                        Lives:  0   Deaths: 0

rFire    . . .     SeeInvis +   (weapon unavailable)
rCold    . . .     Faith    .   (shield unavailable)
rNeg     . . .     Spirit   .   (armour unavailable)
rPois    .         Reflect  .   (helmet unavailable)
rElec    .         Harm     .   (cloak unavailable)
rCorr    .         Rampage  .   (gloves unavailable)
Will     .....                  (boots unavailable)
Stlth    ++........             (no amulet)
HPRegen  0.02/turn              (no ring)
MPRegen  0.09/turn              (no ring)

@: quick
A: very small, claws 1, fangs 3, see invisible, speed 1, shaggy fur 1, stealthy
paws, no weapons or thrown items, no armour, multi-lived
a: no special abilities


You were on level 1 of the Dungeon.
You visited 1 branch of the dungeon, and saw 1 of its levels.

You collected 30 gold pieces.

You aren't carrying anything.


   Skills:
 + Level 0.0 Fighting
 - Level 2.6 Dodging
 + Level 2.7 Stealth
 + Level 2.0 Spellcasting
 - Level 4.0 Necromancy


You had 3 spell levels left.
You knew the following spells:

 Your Spells              Type           Power      Damage    Failure   Level
a - Pain                  Necr           56%        1d6       4%          1

Your spell library contained the following spells:

 Spells                   Type           Power      Damage    Failure   Level
 Animate Skeleton         Necr           28%        N/A       4%          1
 Vampiric Draining        Necr           7%         2d7       12%         3
 Animate Dead             Necr           7%         N/A       36%         4
 Agony                    Necr           14%        N/A       73%         5


Dungeon Overview and Level Annotations

Branches:
Dungeon (1/15)

Altars:


Innate Abilities, Weirdness & Mutations

You have sharp claws.
You have razor-sharp teeth.
You have supernaturally acute eyesight. (SInv)
You cover ground quickly. (Speed+)
You are covered in fur. (AC +1)
Your paws help you pounce on unaware monsters.
You are incapable of wielding weapons or throwing items.
You cannot wear armour.
You gain extra lives every three experience levels.


Message History

The jackal completely misses you.
Casting: Pain (safe; 4% risk of failure)
Confirm with . or Enter, or press ? or * to list all spells.
You don't have enough magic to cast this spell.
You scratch the jackal.
The jackal is heavily wounded.
The jackal barely misses you.
You closely miss the jackal.
The jackal is heavily wounded.
The jackal closely misses you. The jackal barely misses you.
The jackal bites you.
* * * LOW HITPOINT WARNING * * *
Casting: Pain (safe; 4% risk of failure)
Confirm with . or Enter, or press ? or * to list all spells.
Aiming: Pain (safe; 4% risk of failure)
Press: ? - help, Shift-Dir - straight line, f - jackal
Aim: a jackal (heavily wounded, chance to affect: 85%)
The jackal barely resists.
The jackal misses you.
You closely miss the jackal.
The jackal is heavily wounded.
The jackal closely misses you.
You closely miss the jackal. You bite the jackal, but do no damage.
The jackal is heavily wounded.
The jackal misses you. The jackal completely misses you.
You scratch the jackal but do no damage.
The jackal is heavily wounded.
The jackal barely misses you. The jackal completely misses you.
You scratch the jackal but do no damage.
You bite the jackal.
The jackal is severely wounded.
The jackal completely misses you. The jackal closely misses you.
You scratch the jackal.
The jackal is almost dead.
The jackal misses you. The jackal completely misses you. The jackal misses you.
The jackal barely misses you.
You barely miss the jackal.
The jackal is almost dead.
The jackal bites you.
You die...

#.#.#..#'#######
................ .
#.#.(...#######.. .#
#.###..##### #.##.#
#..........####..#.#
....)...............
#.#####....###.....
#.....'..........##
#######.........@h#
#.........#h#
#####.....#.###.####
#...............
#.....##.##.####
#.....##..# #####
#........... ....#
######......# ≈##..
......#


You could see 2 jackals.

Vanquished Creatures
  A kobold (D:1)
1 creature vanquished.

Notes
Turn   | Place    | Note
-------+----------+-------------------------------------------
     0 | D:1      | GordonOverkill the Felid Necromancer began the quest for
                  | the Orb.
     0 | D:1      | Reached XP level 1. HP: 7/7 MP: 4/4
   147 | D:1      | Slain by a jackal

Illustrated notes

Levels and vault maps discovered:
D:1:      denvon_arrival_waterhouse, layout_basic,
          ebering_ecumenical_altar_abandoned

Action                   || total
-------------------------++-------
Melee: Unarmed           ||     8
       Bite              ||     2
 Cast: Pain              ||     6
Dodge: Dodged            ||    20
